 Dungeon Crawl Stone Soup version 0.28.0-45-g0d030f2227 (webtiles) character file.

Game seed: 4590640373287219455

161 zeratav the Insei (level 5, -1/34 HPs)
             Began as an Octopode Transmuter on Apr 11, 2022.
             Slain by Pikel
             ... wielding a +0 whip of flaming
              (2 damage)
             ... on level 4 of the Dungeon.
             The game lasted 00:05:00 (4258 turns).

zeratav the Insei (Octopode Transmuter)             Turns: 4258, Time: 00:05:00

Health: -1/34      AC:  1    Str:  9    XL:     5   Next: 42%
Magic:  7/8        EV: 14    Int: 15    God:
Gold:   132        SH:  0    Dex: 15    Spells: 7/8 levels left

rFire   . . .      SeeInvis .   f - +2 short sword (holy) {short}
rCold   . . .      Faith    .   (no shield)
rNeg    + . .      Spirit   .   (helmet currently unavailable)
rPois   .          Reflect  .   j - amulet of the Four Winds {rN+ Will+++ Clar}
rElec   .          Harm     .   (no ring)
rCorr   .          Rampage  .   (no ring)
Will    +++..      Clarity  +   (no ring)
Stlth   +++.......              (no ring)
HPRegen 0.11/turn               (no ring)
MPRegen 0.11/turn               (no ring)
                                (no ring)
                                (no ring)

@: appendages
A: tentacle spike 3, almost no armour, amphibious, 8 rings, camouflage 1,
gelatinous body 1, (nimble swimmer 1), tentacles
a: End Transformation


You were on level 4 of the Dungeon.
One of your tentacles had grown a beastly spike.
You visited 1 branch of the dungeon, and saw 4 of its levels.

You collected 132 gold pieces.


Innate Abilities, Weirdness & Mutations

One of your tentacles has grown a beastly spike.
You cannot wear most types of armour.
You are amphibious.
You can wear up to eight rings at the same time.
Your skin changes colour to match your surroundings (Stealth+).
Your rubbery body absorbs attacks. (AC +1, EV +1)
((You are camouflaged when in or above water. (Stealth+)))
You have tentacles for arms and can constrict up to eight enemies at once.


   Skills:
 + Level 2.2 Fighting
 + Level 3.0 Dodging
 + Level 2.8 Stealth
 * Level 4.4 Unarmed Combat
 - Level 2.0 Spellcasting
 - Level 2.0 Transmutations


You had 7 spell levels left.
You knew the following spells:

 Your Spells              Type           Power      Damage    Failure   Level
a - Beastly Appendage     Tmut           14%        N/A       10%         1

Your spell library contained the following spells:

 Spells                   Type           Power      Damage    Failure   Level
 Wereblood                Tmut           7%         N/A       14%         2
 Freeze                   Ice            4%         1d3       22%         1
 Magic Dart               Conj           4%         1d3       22%         1
 Call Imp                 Summ           1%         N/A       32%         2
 Sublimation of Blood     Necr           1%         N/A       32%         2
 Spider Form              Tmut/Pois      4%         N/A       41%         3
 Frozen Ramparts          Ice            2%         1d2       54%         3
 Mephitic Cloud           Conj/Pois/Air  1%         N/A       54%         3
 Ice Form                 Ice/Tmut       4%         N/A       82%         4
 Hailstorm                Conj/Ice       1%         3d3       91%         4
 Summon Hydra             Summ           0%         N/A       100%        7

Inventory:

Hand Weapons
 f - a +2 short sword of holy wrath (weapon) {short}
   (You found it on level 2 of the Dungeon)
Jewellery
 j - the amulet of the Four Winds (around mantle) {rN+ Will+++ Clar}
   (You took it off a kobold on level 4 of the Dungeon)

   [amulet of nothing]

   rN:        It protects you from negative energy.
   Clar:      It protects you against confusion.
   Will:      It greatly increases your willpower.
Scrolls
 b - 3 scrolls of identify {unknown}
 d - a scroll of immolation {unknown}
 g - a scroll of magic mapping {unknown}
 h - a scroll of fear {unknown}
Potions
 a - 2 potions of degeneration {unknown}
 c - 2 potions of brilliance {unknown}
 e - 2 potions of flight {unknown}
 i - 4 potions of curing {unknown}

Dungeon Overview and Level Annotations

Branches:
Dungeon (4/15)             Temple (0/1) D:4

Altars:

Annotations:
D:4 Pikel

.K...........##....>...##
...#.#..................#
.....#...#.##.##........##
####K#...#................
####...#...#..........#
#.....####.###......(.#
......# #....5.......#######.
.....#####.####K..............
.###....#..## #.@<.....≈.....≈
## ####K..[.# #.......≈≈≈≈..≈≈
# ##..#.# #......≈≈≈≈≈.≈≈≈
...#.# #.#....≈≈≈≈≈≈≈≈≈
.##...##........≈≈≈≈≈≈≈≈ #..
##.....#.......§≈≈≈≈≈≈ #...#
#....##.......≈≈≈§≈≈ #...##
##... #........≈≈§≈ ..## #...
..........≈≈


You could see Pikel and a lemure.


Message History

Your tentacle spike disappears.
You constrict the lemure. The lemure hits you!
HP[-7]
You take 7 damage, and now have 19/34 hp.
MASSIVE DAMAGE!! (PAUSE)
You hit the lemure.
The lemure convulses.
You constrict the lemure.
You kill the lemure!
That felt strangely unrewarding.
You hit the lemure but do no damage. You grab the lemure.
You squeeze the lemure!
You constrict the lemure, but do no damage.
The lemure closely misses you.
You hit the lemure.
The lemure convulses.
You constrict the lemure, but do no damage.
The lemure closely misses you.
You hit the lemure.
The lemure convulses.
You squeeze the lemure. You constrict the lemure. The lemure hits you!
* * * LOW HITPOINT WARNING * * *
The lemure hits you but does no damage.
You are too injured to fight recklessly!
HP[-9]
You take 9 damage, and now have 10/34 hp.
MASSIVE DAMAGE!! (PAUSE)
You are too injured to fight recklessly!
You are too injured to fight recklessly!
You are too injured to fight recklessly!
You are too injured to fight recklessly!
You are too injured to fight recklessly!
You are too injured to fight recklessly!
You are too injured to fight recklessly!
You are too injured to fight recklessly!
You are too injured to fight recklessly!
You are too injured to fight recklessly!
You are too injured to fight recklessly!
You are too injured to fight recklessly!
You are too injured to fight recklessly!
You are too injured to fight recklessly!
You are too injured to fight recklessly!
You are too injured to fight recklessly!
Unknown command.
You hit the lemure.
You kill the lemure!
That felt strangely unrewarding.
You start resting.
HP[+24]
Your hp is fully restored (34).
A ball python comes into view.
The ball python moves out of view.
Found an escape hatch in the floor.
Found a staircase to the Ecumenical Temple.
You see here a staff of death {staff}.
You see here a staff of death {staff}.
There is an escape hatch in the floor here.
A kobold comes into view.
It is wielding a +0 short sword and wearing the amulet of the Four Winds {rN+ Will+++ Clar}.
Pikel, Merchant of Souls comes into view.
He is wielding a +0 whip of flaming.
You hit the kobold. You grab the kobold. You squeeze the kobold.
You kill the kobold!
Items here: " ( ) ?.
j - the amulet of the Four Winds {rN+ Will+++ Clar}
b - 3 scrolls labelled TIUBUS VOOGAWN (gained 1)
There is a stone staircase leading up here.
You climb upwards.
There is a stone staircase leading down here.
You start putting on your amulet.
You continue putting on the amulet of the Four Winds {rN+ Will+++ Clar}. x5
You finish putting on the amulet of the Four Winds {rN+ Will+++ Clar}.
j - the amulet of the Four Winds (around mantle) {rN+ Will+++ Clar} You climb downwards.
Level annotation: Pikel Pikel cracks his whip.
There is a stone staircase leading up here.
Sorry, you're not good enough to have a special ability.
Okay, then.
Casting: Beastly Appendage (safe; 10% risk of failure)
Confirm with . or Enter, or press ? or * to list all spells.
One of your tentacles grows a vicious spike.
MP[-1]
You lost 1 mp, and now have 7/8 mp.
You hit Pikel. You grab Pikel.
You pierce Pikel, but do no damage.
You squeeze Pikel. You constrict Pikel, but do no damage.
Pikel hits you with a +0 whip of flaming!
Pikel burns you.
HP[-10]
You take 10 damage, and now have 24/34 hp.
MASSIVE DAMAGE!! (PAUSE)
The lemure shouts!
You hit Pikel but do no damage.
You pierce Pikel.
You constrict Pikel.
You hear a shout!
Pikel hits you with a +0 whip of flaming!
* * * LOW HITPOINT WARNING * * *
Pikel burns you.
* * * LOW HITPOINT WARNING * * *
HP[-15]
You take 15 damage, and now have 9/34 hp.
MASSIVE DAMAGE!! (PAUSE)
You hit Pikel. You constrict Pikel, but do no damage.
Pikel hits you with a +0 whip of flaming!
* * * LOW HITPOINT WARNING * * *
Pikel burns you.
You die...

Skill      XL: |  1  2  3  4  5 |
---------------+----------------+-----
Stealth        | 1 2 |  2.8
Unarmed Combat | 4 |  4.4
Fighting       | 2 |  2.2
Dodging        | 3 |  3.0
Spellcasting   | |  2.0
Transmutations | |  2.0

Action                   |  1- 3 |  4- 6 || total
-------------------------+-------+-------++-------
Melee: Unarmed           |    50 |       ||    50
       Kick              |    17 |    20 ||    37
       Constrict         |    16 |    12 ||    28
       Tentacles         |    12 |    12 ||    24
       Punch             |     2 |     3 ||     5
       Short sword       |    21 |    57 ||    78
 Cast: Beastly Appendage |    29 |    17 ||    46
 Stab: Sleeping          |     9 |     5 ||    14
Armor: Skin              |     8 |     4 ||    12
Dodge: Dodged            |    48 |    31 ||    79

Levels and vault maps discovered:
D:1:      dpeg_arrival_round_c, layout_loops_ring, serial_bayou_lagoon_a
D:2:      layout_basic
D:3:      layout_loops_cross, hellmonk_ecumenical_altar_run_dry, st_stairs_7,
          kennysheep_cross_bottleneck
D:4:      layout_rooms, minmay_temple_entry_stoned_glass, lemuel_old_faithful,
          uniq_pikel

Notes
Turn   | Place    | Note
-------+----------+-------------------------------------------
     0 | D:1      | zeratav the Octopode Transmuter began the quest for the
                  | Orb.
     0 | D:1      | Reached XP level 1. HP: 13/13 MP: 3/3
     0 | D:1      | magus.rc [v1.9.6]
   298 | D:1      | Reached XP level 2. HP: 15/18 MP: 3/5
   399 | D:1      | Reached skill level 1 in Stealth
  1234 | D:2      | You pick up a book of Blood and begin reading...
  1234 | D:2      | You add the spells Sublimation of Blood and Summon Hydra to
                  | your library.
  1256 | D:2      | You pick up a book of Frost and begin reading...
  1256 | D:2      | You add the spells Freeze, Frozen Ramparts and Hailstorm to
                  | your library.
  1280 | D:2      | Reached XP level 3. HP: 23/23 MP: 4/6
  2311 | D:3      | Reached skill level 2 in Stealth
  2311 | D:3      | Reached XP level 4. HP: 22/29 MP: 5/7
  3005 | D:3      | Found a faded altar of an unknown god.
  3143 | D:3      | Reached skill level 4 in Unarmed Combat
  3499 | D:3      | Reached skill level 2 in Fighting
  3624 | D:3      | You pick up a book of Minor Magic and begin reading...
  3624 | D:3      | You add the spells Magic Dart, Call Imp and Mephitic Cloud
                  | to your library.
  3751 | D:4      | Reached XP level 5. HP: 28/34 MP: 5/8
  3821 | D:4      | Reached skill level 3 in Dodging
  3954 | D:4      | Noticed a lemure
  3954 | D:4      | Noticed a lemure
  3956 | D:4      | Noticed a lemure
  3957 | D:4      | Noticed a lemure
  3970 | D:4      | Killed a lemure
  3974 | D:4      | Killed a lemure
  4202 | D:4      | Found a staircase to the Ecumenical Temple.
  4214 | D:4      | a kobold comes into view. It is wielding a +0 short sword
                  | and wearing the amulet of the Four Winds {rN+ Will+++
                  | Clar}.
  4215 | D:4      | Noticed Pikel
  4258 | D:4      | HP: 1/34 [Pikel/+0 whip of flaming (8)]
  4258 | D:4      | Slain by Pikel

Vanquished Creatures
  2 lemures (D:4)
  A jelly (D:4)
  An iguana (D:4)
  5 adders
  A worm (D:2)
  2 dart slugs (D:1)
  4 orcs (D:3)
  8 ball pythons
  9 endoplasms
  2 giant cockroaches
  A goblin (D:2)
  2 hobgoblins
  A quokka (D:4)
  4 bats
  4 frilled lizards
  5 kobolds
  4 rats
56 creatures vanquished.

Table legend:
 A = Non-vault XP
 B = Vault XP
 C = Vault XP percentage of total XP
 D = Non-vault monster count
 E = Vault monster count
 F = Vault count percentage of total count
                 A         B        C        D         E       F
            +---------+---------+-------+---------+---------+-------
      Total |     228 |       2 |   0.9 |      53 |       1 |   1.9
            +---------+---------+-------+---------+---------+-------
        D:1 |      26 |       0 |   0.0 |      14 |       0 |   0.0
        D:2 |      51 |       0 |   0.0 |      17 |       0 |   0.0
        D:3 |      66 |       2 |   2.9 |      17 |       1 |   5.6
        D:4 |      85 |       0 |   0.0 |       5 |       0 |   0.0
            +---------+---------+-------+---------+---------+-------

Illustrated notes

Table legend:
 A = Kills in this place as a percentage of kills in entire the game.
 B = Kills by you in this place as a percentage of kills by you in the entire game.
 C = Kills by friends in this place as a percentage of kills by friends in the entire game.
 D = Other kills in this place as a percentage of other kills in the entire game.
 E = Experience gained in this place as a percentage of experience gained in the entire game.
 F = Experience gained in this place divided by the number of levels of this place that you have seen.
                   A       B       C       D       E      F
               +-------+-------+-------+-------+-------+----------------------
         Total | 100.0 | 100.0 |   N/A |   N/A | 100.0 |  57.5
       Dungeon | 100.0 | 100.0 |   N/A |   N/A | 100.0 |  57.5
               +-------+-------+-------+-------+-------+----------------------

Table legend: (Time is in decaauts)
 A = Elapsed time spent in this place.
 B = Non-inter-level travel time spent in this place.
 C = Inter-level travel time spent in this place.
 D = Time resting spent in this place.
 E = Time spent auto-exploring this place.
 F = Levels seen in this place.
 G = Mean time per level.
                   A        B        C        D        E       F      G
               +--------+--------+--------+--------+--------+-----+--------+
         Total |   4265 |   4088 |    177 |    672 |   2925 |   4 | 1066.2 |
       Dungeon |   4265 |   4088 |    177 |    672 |   2925 |   4 | 1066.2 |
               +--------+--------+--------+--------+--------+-----+--------+

Top non-repeatable levels by time:
     D:3: 1379 daAuts
     D:2: 1202 daAuts
     D:1: 1139 daAuts
     D:4: 543 daAuts
